[Event "Veins vs Polar Bears Team Match 2009"]
[Site "FICS, San Jose, California USA"]
[Date "2009.05.03"]
[Time "17:56:14"]
[Round "1"]
[White "abkbyfktrc"]
[Black "Henderb"]
[WhiteElo "1816"]
[BlackElo "1797"]
[TimeControl "1800+30"]
[Mode "ICS"]
[Result "1-0"]

1. e4 e6 2. d4 d5 3. e5 c5 4. c3 Nc6 5. Nf3 Qa5 6. Be2 cxd4 7. Nxd4 Nxe5
8. Bf4 Ng6 9. Bb5+ Bd7 10. Bxd7+ Kxd7 11. Bg3 Nf6 12. O-O Ne4 13. c4 Nxg3
14. hxg3 Bd6 15. cxd5 Qxd5 16. Nc3 Qc5 17. Ne4 Qd5 18. Nxd6 Qxd6 19. Qf3
Ke7 20. Qxb7+ Qd7 21. Nc6+
{Black resigns} 1-0

[Event "Veins vs Polar Bears Team Match 2009"]
[Site "FICS, San Jose, California USA"]
[Date "2009.05.03"]
[Time "22:02:24"]
[Round "1"]
[White "LLIAMAH"]
[Black "Gianuzio"]
[WhiteElo "1668"]
[BlackElo "1677"]
[TimeControl "1800+30"]
[Mode "ICS"]
[Result "0-1"]

1. e4 e5 2. Nf3 Nc6 3. d4 exd4 4. Bc4 Bc5 5. O-O d6 6. Bg5 Nf6 7. e5 dxe5
8. Nxe5 Nxe5 9. Re1 O-O 10. Rxe5 Qd6 11. Bxf6 Qxf6 12. Rxc5 c6 13. Bd3 Be6
14. a4 Bd5 15. c4 Be6 16. Qh5 g6 17. Qe2 Rac8 18. Re5 Rfe8 19. Nd2 Kg7 20. Nf3
h6 21. Re1 g5 22. Nxd4 Bg4 23. f3 Rxe5 24. Qxe5 Qxe5 25. Rxe5 Bh5 26. Re7
Rd8 27. Nf5+ Kf6 28. Be4 Bg6 29. Rxb7 Bxf5 30. Bxf5 Kxf5 31. Rxf7+ Kg6 32. Rxa7
Rd1+ 33. Kf2 Rd2+ 34. Kg3 Rxb2 35. Rc7 h5 36. Rxc6+ Kf5 37. Rc5+ Kf6 38. a5
h4+ 39. Kg4 Rxg2+ 40. Kh3 Rf2 41. Kg4 Rxh2 42. Kh5 h3 43. Rxg5 Rg2 44. Rd5
h2 45. Rd6+ Ke5 46. Rd5+ Ke6
{White resigns} 0-1

[Event "Veins vs Polar Bears Team Match 2009"]
[Site "FICS, San Jose, California USA"]
[Date "2009.05.03"]
[Time "21:02:03"]
[Round "1"]
[White "rsekhar"]
[Black "alexborz"]
[WhiteElo "1635"]
[BlackElo "1654"]
[TimeControl "1800+30"]
[Mode "ICS"]
[Result "0-1"]

1. d4 d5 2. c4 c6 3. Nc3 Bf5 4. cxd5 cxd5 5. Qb3 e6 6. Qxb7 Nd7 7. Bf4 Qc8
8. Qxc8+ Rxc8 9. Nf3 Bb4 10. Rc1 Ngf6 11. a3 Bxc3+ 12. bxc3 Ne4 13. e3 Rxc3
14. Rxc3 Nxc3 15. Bd6 f6 16. Bb4 Na2 17. Bd6 Nc3 18. Kd2 Ne4+ 19. Kc1 Nxd6
20. h3 Kf7 21. Nh4 Rb8 22. Nxf5 Nxf5 23. Bd3 h6 24. e4 Nxd4 25. exd5 exd5
26. Rd1 Nc5 27. Kd2 Rb3 28. Ke3 Nc2+ 29. Ke2 Nxd3 30. Rxd3 Rxd3 31. Kxd3
Nxa3 32. Kd4 Ke6 33. f3 a5 34. g3 a4 35. f4 Nc4 36. Kc3 a3 37. Kb3 Kf5
{White resigns} 0-1

[Event "Veins vs Polar Bears Team Match 2009"]
[Site "FICS, San Jose, California USA"]
[Date "2009.05.02"]
[Time "20:55:55"]
[Round "1"]
[White "CyrusX"]
[Black "sajanricochet"]
[WhiteElo "1551"]
[BlackElo "1663"]
[TimeControl "1800+30"]
[Mode "ICS"]
[Result "0-1"]

1. e4 e5 2. Nf3 Nc6 3. Bb5 d6 4. O-O Nf6 5. Re1 Be7 6. c3 O-O 7. h3 a6 8. Ba4
b5 9. Bc2 Na5 10. d4 exd4 11. cxd4 Bb7 12. Nbd2 Nd7 13. Nf1 Re8 14. Qd3
Nf6 15. Ng3 g6 16. a4 Nc4 17. axb5 axb5 18. Rxa8 Bxa8 19. b3 Nb6 20. Qxb5
Bf8 21. Bg5 Be7 22. d5 Nfd7 23. Bc1 Bf6 24. Qb4 Bg7 25. Nd4 Bb7 26. f4 Nc5
27. f5 Qd7 28. Bb2 Na6 29. Qd2 Nc5 30. Qg5 Qc8 31. f6 Bf8 32. Bd1 Re5 33. Ngf5
Nxe4 34. Rxe4 Rxe4 35. Bg4 Qd8 36. Nc6 Bxc6 37. dxc6 Qe8 38. Kh2 Nd5 39. Bf3
Rf4 40. Nh6+ Bxh6 41. Qxh6 Qf8 42. Qxf8+ Kxf8 43. Bxd5 Rf2 44. Bd4 Rd2 45. Bxf7
Kxf7 46. Ba1 Rc2 47. b4 Rxc6 48. b5 Rb6 49. Kg3 Rxb5 50. Kf4 Ra5 51. Bc3
Ra2 52. g4 Ra3 53. Bb2 Rxh3 54. g5 Ke6 55. Kg4 Rh2 56. Bd4 c5 57. Bg1 Rg2+
58. Kf3 Rxg1 59. Ke4
{White resigns} 0-1

[Event "Veins vs Polar Bears Team Match 2009"]
[Site "FICS, San Jose, California USA"]
[Date "2009.05.02"]
[Time "21:15:00"]
[Round "1"]
[White "tujhbq"]
[Black "Berke"]
[WhiteElo "1612"]
[BlackElo "1634"]
[TimeControl "1800+30"]
[Mode "ICS"]
[Result "0-1"]

1. d4 Nf6 2. c4 e6 3. Nc3 Bb4 4. Nf3 Ne4 5. Qc2 Nxc3 6. bxc3 Be7 7. e3 d5
8. c5 c6 9. Bd3 Nd7 10. O-O b6 11. cxb6 axb6 12. Bb2 Ba6 13. c4 dxc4 14. Bxc4
Bxc4 15. Qxc4 Rc8 16. a4 O-O 17. Rfd1 Nf6 18. Qd3 Qd5 19. Ne5 Rfd8 20. Qa6
Rb8 21. Rdc1 Rdc8 22. Qa7 Bd6 23. Qxf7+ Kh8 24. Qa7 Bxe5 25. dxe5 Ne4 26. Rd1
Qb3 27. Ba3 Qc2 28. Rf1 h6 29. Qe7 Qb3 30. Bd6 Re8 31. Qd7 Rbc8 32. a5 bxa5
33. Rxa5 Qc4 34. Ra7 Rg8 35. Rb7 Nc5 36. Bxc5 Qxc5 37. Qxe6 Rce8 38. Qd6
Rxe5 39. Qxc5 Rxc5 40. Rc7 Rc2 41. Re1 c5 42. e4 Rd8 43. e5 Rdd2 44. Rf1
Re2 45. Rc8+ Kh7 46. Re8 c4 47. Rd1 Rxf2 48. e6 Rxg2+ 49. Kf1 Rxh2 50. Kg1
Rhe2 51. e7 c3 52. Ra1 Rcd2 53. Rc8 c2 54. e8=Q Rd1+ 55. Rxd1 cxd1=Q#
{White checkmated} 0-1

[Event "Veins vs Polar Bears Team Match 2009"]
[Site "FICS, San Jose, California USA"]
[Date "2009.04.30"]
[Time "21:53:33"]
[Round "1"]
[White "DodgeBrother"]
[Black "Tusendus"]
[WhiteElo "1565"]
[BlackElo "1455"]
[TimeControl "1800+30"]
[Mode "ICS"]
[Result "0-1"]

1. d4 d5 2. Nf3 Bf5 3. Nc3 e6 4. e3 c5 5. dxc5 Bxc5 6. Be2 Nf6 7. h3 Nc6
8. O-O O-O 9. a3 Ne4 10. Bd2 Nxc3 11. Bxc3 Be4 12. Bd4 Nxd4 13. exd4 Bb6
14. Bd3 Qf6 15. Bxe4 dxe4 16. Ne5 Rfd8 17. c3 Bc7 18. Ng4 Qf4 19. g3 Qg5
20. Qe2 f5 21. Qe3 f4 22. Qxe4 Re8 23. Kh2 h5 24. Ne5 Rad8 25. Qxf4 Qf5
26. Qe3 Rf8 27. Rae1 Qc2 28. Re2 Qf5 29. f4 Rd5 30. Ref2 b5 31. b3 Bb6 32. Rd1
Rxe5 33. Qxe5 Qxe5 34. dxe5 Bxf2 35. Rd6 Kf7 36. Kg2 Bc5 37. Rd7+ Kg6 38. Kf3
Rf7 39. Rd8 Bxa3 40. Ke4 Rc7 41. Rd3 Bb2 42. c4 bxc4 43. bxc4 Rxc4+ 44. Kf3
Rc3 45. Ke3 Rxd3+ 46. Kxd3 Kf5 47. Ke3 a5 48. Kd3 a4 49. Kc2 a3 50. Kb3
Ke4 51. g4 hxg4 52. hxg4 Kxf4
{White resigns} 0-1

[Event "Veins vs Polar Bears Team Match 2009"]
[Site "FICS, San Jose, California USA"]
[Date "2009.05.01"]
[Time "19:58:59"]
[Round "1"]
[White "sergeym"]
[Black "schoorl"]
[WhiteElo "1454"]
[BlackElo "1576"]
[TimeControl "1800+30"]
[Mode "ICS"]
[Result "1-0"]

1. e4 c5 2. f4 e6 3. Nf3 Nf6 4. Nc3 d6 5. Bc4 a6 6. O-O b5 7. Be2 b4 8. Na4
Nxe4 9. d3 Nf6 10. c3 Bd7 11. cxb4 cxb4 12. Be3 Bxa4 13. Qxa4+ Nbd7 14. Qxb4
Nd5 15. Qd2 Nxe3 16. Qxe3 d5 17. Rac1 Rc8 18. Rxc8 Qxc8 19. Rc1 Qb7 20. b3
Be7 21. f5 exf5 22. Qf4 O-O 23. Qxf5 Nf6 24. d4 g6 25. Qe5 Ng4 26. Qf4 f5
27. h3 Nf6 28. Qe5 Re8 29. Rc7 Qb4 30. Bxa6 Bd6 31. Rb7 Qa3 32. Qxf6 Qc1+
33. Bf1 Qe3+ 34. Kh1 Be7 35. Qc6 Rd8 36. Qc7 Re8 37. Rb8 Rxb8 38. Qxb8+
Kg7 39. Qe5+ Qxe5 40. Nxe5 Bf6 41. a4 Kf8 42. a5 Bd8 43. a6
{Black resigns} 1-0

[Event "Veins vs Polar Bears Team Match 2009"]
[Site "FICS, San Jose, California USA"]
[Date "2009.05.08"]
[Time "18:06:05"]
[Round "2"]
[White "abkbyfktrc"]
[Black "estepona"]
[WhiteElo "1840"]
[BlackElo "2025"]
[TimeControl "1800+30"]
[Mode "ICS"]
[Result "0-1"]

1. e4 h5 2. d4 c5 3. c3 Nc6 4. Nf3 d6 5. Bc4 Nf6 6. Ng5 e6 7. d5 exd5 8. exd5
Ne5 9. Bb5+ Bd7 10. Bxd7+ Qxd7 11. O-O Be7 12. f4 Ng6 13. Nd2 Nxd5 14. Nde4
Nf6 15. Re1 Nxe4 16. Nxe4 O-O-O 17. c4 d5 18. cxd5 Qxd5 19. Qa4 f5 20. Nc3
Qd4+ 21. Be3 Qxa4 22. Nxa4 b6 23. Rac1 Kb7 24. Nc3 Bf6 25. a4 Rhe8 26. a5
Rd3 27. Kf2 Rexe3 28. Rxe3 Bd4 29. Nd5 Nxf4 30. Kf3 Bxe3 31. Nxe3 Nd5 32. Re1
f4 33. Ke4 Rxe3+
{White resigns} 0-1

[Event "Veins vs Polar Bears Team Match 2009"]
[Site "FICS, San Jose, California USA"]
[Date "2009.05.10"]
[Time "20:06:43"]
[Round "2"]
[White "Henderb"]
[Black "bvrus"]
[WhiteElo "1792"]
[BlackElo "1820"]
[TimeControl "1800+30"]
[Mode "ICS"]
[Result "1-0"]

1. d4 Nf6 2. Nc3 g6 3. e4 d6 4. Bg5 Bg7 5. Qd2 O-O 6. O-O-O Nc6 7. Nf3 a6
8. Be2 b5 9. a3 b4 10. axb4 Nxb4 11. Bh6 Ng4 12. Bxg7 Kxg7 13. d5 c5 14. dxc6
Nxc6 15. Nd4 Nxd4 16. Qxd4+ f6 17. f3 Ne5 18. f4 Nc6 19. Qe3 Qa5 20. Bf3
Qa1+ 21. Kd2 Qxb2 22. e5 Nb4 23. Bxa8 Nxc2 24. Rb1 Qxb1 25. Rxb1 Nxe3 26. Kxe3
Bf5 27. Be4 fxe5 28. fxe5 dxe5 29. Rb7 Kf7 30. Bd5+ Kf6 31. Bc4 e6 32. Bxa6
h5 33. h4 Rd8 34. Bb5 Rd4 35. g3 Rb4 36. Bc6 Rc4 37. Ne4+ Bxe4 38. Bxe4
Rc3+ 39. Kf2 Ra3 40. Rb6 Ra4 41. Bd5 Kf5 42. Bxe6+ Ke4 43. Bf7 Kd4 44. Rd6+
Kc3 45. Bxg6 Ra2+ 46. Kf3 Ra3 47. Rd3+
{Black resigns} 1-0

[Event "Veins vs Polar Bears Team Match 2009"]
[Site "FICS, San Jose, California USA"]
[Date "2009.05.09"]
[Time "19:08:08"]
[Round "2"]
[White "LLIAMAH"]
[Black "rsekhar"]
[WhiteElo "1671"]
[BlackElo "1633"]
[TimeControl "1800+30"]
[Mode "ICS"]
[Result "1-0"]

1. e4 e6 2. d4 d5 3. Nc3 Bb4 4. e5 c5 5. a3 Bxc3+ 6. bxc3 Ne7 7. a4 Nbc6
8. Ba3 cxd4 9. Nf3 Qa5 10. Bb5 Qxc3+ 11. Nd2 d3 12. cxd3 Qxe5+ 13. Kf1 a6
14. Bxc6+ Nxc6 15. Nf3 Qf6 16. g3 e5 17. h3 Bf5 18. Kg2 Qe6 19. g4 Bg6 20. Nxe5
Nxe5 21. Re1 f6 22. d4 Be4+ 23. Kg3 Nf3 24. Qxf3 Bxf3 25. Rxe6+ Kf7 26. Re7+
Kg6 27. Kxf3 b5 28. Bc5 Rhe8 29. Rd7 Red8 30. Re7 Re8 31. axb5 axb5 32. Rxa8
Rxa8 33. Rb7 Kg5 34. Rxb5 Rd8 35. Rb7 Kh6 36. h4 Kg6 37. h5+ Kh6 38. Bb4
g5 39. Rf7 Rg8 40. Rxf6+ Rg6 41. hxg6 hxg6 42. Rd6 Kg7 43. Rxd5 Kf6 44. Re5
Kf7 45. Ke4 Kf6 46. d5 Kf7 47. d6
{Black resigns} 1-0

[Event "Veins vs Polar Bears Team Match 2009"]
[Site "FICS, San Jose, California USA"]
[Date "2009.05.06"]
[Time "19:47:03"]
[Round "2"]
[White "Gianuzio"]
[Black "alexborz"]
[WhiteElo "1685"]
[BlackElo "1666"]
[TimeControl "1800+30"]
[Mode "ICS"]
[Result "1-0"]

1. e4 e5 2. Nf3 Nc6 3. g3 Nf6 4. d3 Bc5 5. Bg2 d6 6. h3 b6 7. O-O Be6 8. c3
d5 9. Ng5 h6 10. Nxe6 fxe6 11. b4 Be7 12. Qa4 Qd7 13. exd5 exd5 14. c4 Nxb4
15. Qxd7+ Kxd7 16. Nc3 Nxd3 17. cxd5 Rad8 18. Be3 Bc5 19. Ne4 Kc8 20. Nxc5
Nxc5 21. Bxc5 bxc5 22. Rfd1 e4 23. Rac1 Nxd5 24. Rxc5 Nf6 25. Rdc1 Rd7 26. h4
h5 27. Bh3 Ng4 28. R1c4 Re7 29. Rxh5 Rxh5 30. Bxg4+ Kb7 31. Bxh5 e3 32. Kf1
exf2 33. Kxf2 Kb6 34. a4 c5 35. Bf3 Re5 36. Be4 Re7 37. g4 Re5 38. Ke3 Kc7
39. Kf4 Kd6 40. h5 Ke6 41. a5 Kf6 42. a6 Ke6 43. g5 Kd6 44. h6 gxh6 45. gxh6
Rh5 46. h7 Rh2 47. Kg5 Rh3 48. Kf6
{Black resigns} 1-0

[Event "Veins vs Polar Bears Team Match 2009"]
[Site "FICS, San Jose, California USA"]
[Date "2009.05.09"]
[Time "21:30:24"]
[Round "2"]
[White "tujhbq"]
[Black "Berke"]
[WhiteElo "1603"]
[BlackElo "1669"]
[TimeControl "1800+30"]
[Mode "ICS"]
[Result "1-0"]

1. d4 f5 2. c4 e6 3. Nf3 Nf6 4. Bg5 Be7 5. Nc3 d6 6. e3 Nbd7 7. Be2 O-O
8. O-O Qe8 9. a3 Ne4 10. Bxe7 Nxc3 11. bxc3 Qxe7 12. Qb3 Kh8 13. Rfe1 Qf6
14. Qb4 a5 15. Qb3 e5 16. dxe5 dxe5 17. Rad1 Nc5 18. Qc2 Be6 19. Nd2 b6
20. Nb3 Qe7 21. Nc1 Qf7 22. Nb3 Ne4 23. f3 Nd6 24. Nd2 Rad8 25. Qa4 e4 26. Rf1
exf3 27. Rxf3 Qe7 28. c5 Nb7 29. cxb6 cxb6 30. Qb5 Qc7 31. c4 Nc5 32. Rff1
Ne4 33. Qb2 Qc5 34. Rf3 Nxd2 35. Rxd2 Rxd2 36. Qxd2 Qxa3 37. e4 Qc5+ 38. Kh1
g6 39. Qc3+ Kg8 40. exf5 Bxf5 41. Rf1 a4 42. Bf3 Rd8 43. Qf6 Rd6 44. Bd5+
Rxd5 45. cxd5 Qxd5 46. Qxb6 a3 47. Qb8+ Kg7 48. Qa7+ Kh6 49. Qxa3 Be4 50. Qg3
Bf5 51. Qf4+ Kg7 52. h3 h5 53. Ra1 Qc5 54. Rc1 Qd5 55. Kh2 Kf6 56. Ra1 Qc6
57. Qd4+ Kg5 58. h4+ Kh6 59. Qf4+ Kg7 60. Ra7+ Bd7 61. Qd4+ Kh6 62. Rxd7
Qc1 63. Qg7#
{Black checkmated} 1-0

[Event "Veins vs Polar Bears Team Match 2009"]
[Site "FICS, San Jose, California USA"]
[Date "2009.05.13"]
[Time "21:39:31"]
[Round "2"]
[White "MDU"]
[Black "sajanricochet"]
[WhiteElo "1583"]
[BlackElo "1679"]
[TimeControl "1800+30"]
[Mode "ICS"]
[Result "1-0"]

1. d4 d5 2. c4 c6 3. Nc3 Nf6 4. Nf3 Nbd7 5. cxd5 cxd5 6. Qa4 e6 7. Bg5 Be7
8. e3 O-O 9. Bd3 a6 10. O-O b5 11. Qc2 Nb6 12. Bxf6 Bxf6 13. Bxh7+ Kh8 14. Bd3
Nc4 15. b3 Na3 16. Qe2 Qd6 17. Ne5 g6 18. f4 Kg7 19. Qg4 Rg8 20. Nxg6 fxg6
21. Qxg6+ Kf8 22. Qxf6+ Ke8 23. Bg6+ Rxg6 24. Qxg6+ Kd7 25. Rac1 Qe7 26. Ne2
Bb7 27. Qg5 Qh7 28. Qe5 Rc8 29. Rxc8 Bxc8 30. Rc1 Kd8 31. Qd6+ Qd7 32. Qxa3
Ke8 33. Qc5 Bb7 34. Qc7 b4 35. Qxd7+ Kxd7 36. h4
{Black resigns} 1-0

[Event "Veins vs Polar Bears Team Match 2009"]
[Site "FICS, San Jose, California USA"]
[Date "2009.05.06"]
[Time "21:58:39"]
[Round "2"]
[White "schoorl"]
[Black "Tusendus"]
[WhiteElo "1577"]
[BlackElo "1446"]
[TimeControl "1800+30"]
[Mode "ICS"]
[Result "0-1"]

1. Nf3 d5 2. d4 Bf5 3. c4 c6 4. c5 Nf6 5. Nc3 e6 6. a3 Be7 7. e3 O-O 8. Be2
Nbd7 9. O-O b6 10. b4 Qc7 11. h3 e5 12. Re1 e4 13. Nh2 a5 14. b5 bxc5 15. dxc5
Nxc5 16. Rb1 Rab8 17. Bg4 Nxg4 18. Nxg4 Bd6 19. a4 h5 20. Nf6+ gxf6 21. Qxh5
Bg6 22. Qg4 Kg7 23. Bb2 Nd3 24. Re2 Nxb2 25. Rexb2 Be5 26. Rb3 Qd6 27. Ne2
f5 28. Qg5 f6 29. Qh4 Rh8 30. Qxh8+ Kxh8 31. bxc6 Rxb3 32. Rxb3 Qxc6 33. f4
Bd6 34. Nd4 Qc1+ 35. Kh2 Bb4 36. h4 Be8 37. Nxf5 Bxa4
{White resigns} 0-1

[Event "Veins vs Polar Bears Team Match 2009"]
[Site "FICS, San Jose, California USA"]
[Date "2009.05.06"]
[Time "22:00:38"]
[Round "2"]
[White "sergeym"]
[Black "DodgeBrother"]
[WhiteElo "1484"]
[BlackElo "1592"]
[TimeControl "1800+30"]
[Mode "ICS"]
[Result "0-1"]

1. e4 e5 2. Nf3 Nf6 3. Nc3 Nc6 4. Bb5 Bc5 5. Bxc6 dxc6 6. Nxe5 Qd4 7. Nd3
Bb6 8. O-O O-O 9. Re1 Bg4 10. Ne2 Qxe4 11. Ng3 Bxd1 12. Nxe4 Nxe4 13. Rxd1
Rfe8 14. Kf1 c5 15. f3 c4 16. Nf4 Nf6 17. b3 cxb3 18. axb3 c6 19. Bb2 Nd5
20. Nxd5 cxd5 21. Re1 Re6 22. Rxe6 fxe6 23. Re1 Re8 24. g3 Kf7 25. Kg2 Ba5
26. Re2 Rc8 27. c3 d4 28. b4 dxc3 29. dxc3 Bb6 30. Rd2 Ke7 31. f4 Rc4 32. Kf3
h5 33. Re2 g6 34. g4 Bc7 35. Re4 hxg4+ 36. Ke3 b5 37. Rxc4 bxc4 38. Ke4
Kf6 39. Bc1 Bb6 40. Be3 Bxe3 41. Kxe3 Kf5 42. b5 e5 43. fxe5 Kxe5 44. Kf2
Ke4 45. Kg3 Kd3 46. Kxg4 Kxc3 47. h4 Kd3 48. Kg5 c3 49. Kxg6 c2 50. h5 c1=Q
51. h6 Qc3 52. h7 Qh8 53. Kh6 Kc4
{White resigns} 0-1

[Event "Veins vs Polar Bears Team Match 2009"]
[Site "FICS, San Jose, California USA"]
[Date "2009.05.15"]
[Time "21:05:19"]
[Round "3"]
[White "bvrus"]
[Black "estepona"]
[WhiteElo "1807"]
[BlackElo "2035"]
[TimeControl "1800+30"]
[Mode "ICS"]
[Result "0-1"]

1. e4 h5 2. d4 c5 3. Be3 cxd4 4. Bxd4 Nc6 5. Nf3 Nf6 6. Nc3 Qa5 7. Bd3 Nxd4
8. Nxd4 e6 9. a3 Qb6 10. Nb3 a5 11. Rb1 Bd6 12. O-O Bb8 13. Qe2 Qc7 14. f4
g5 15. e5 Ng4 16. h3 Qb6+ 17. Kh1 Qe3 18. Qxe3 Nxe3 19. Rf3 gxf4 20. Rxf4
Bxe5 21. Rf3 Ng4 22. Rbf1 Nh2 23. Nb5 Nxf3 24. Rxf3 Ke7 25. c3 Rg8 26. Nd2
Rg3 27. Be2 Rxf3 28. Bxf3 Bf4 29. Ne4 d5 30. Nf2 Bd7 31. Nd4 h4 32. Nd3
Bd6 33. Kg1 e5 34. Nxe5 Bxe5 35. Bxd5 Bxd4+ 36. cxd4 Bc6 37. Bc4 Rg8 38. d5
b5 39. Ba2 Bb7 40. b4 Rg3
{White resigns} 0-1

[Event "Veins vs Polar Bears Team Match 2009"]
[Site "FICS, San Jose, California USA"]
[Date "2009.05.25"]
[Time "21:59:33"]
[Round "3"]
[White "Gianuzio"]
[Black "LLIAMAH"]
[WhiteElo "1534"]
[BlackElo "1690"]
[TimeControl "1800+30"]
[Mode "ICS"]
[Result "1-0"]

1. e4 c5 2. Nc3 Nc6 3. g3 e5 4. Bg2 Nf6 5. d3 Be7 6. Nge2 O-O 7. O-O a6
8. a3 b5 9. Nd5 Nxd5 10. exd5 Nd4 11. Nxd4 exd4 12. d6 Bxd6 13. Bxa8 Be5
14. Bg2 d5 15. Rb1 c4 16. dxc4 dxc4 17. Bd2 Bf5 18. Re1 Qc7 19. Be4 Be6
20. Qh5 f5 21. Bg2 c3 22. bxc3 dxc3 23. Bf4 Bxf4 24. Rxe6 g6 25. Qe2 Bd2
26. Re8 Qd6 27. Rxf8+ Kxf8 28. Rb3 f4 29. gxf4 Qxf4 30. Qf3 g5 31. Qxf4+
gxf4 32. Bb7
{Black resigns} 1-0

[Event "Veins vs Polar Bears Team Match 2009"]
[Site "FICS, San Jose, California USA"]
[Date "2009.05.17"]
[Time "23:00:06"]
[Round "3"]
[White "alexborz"]
[Black "rsekhar"]
[WhiteElo "1695"]
[BlackElo "1652"]
[TimeControl "1800+30"]
[Mode "ICS"]
[Result "1-0"]

1. e4 e6 2. f4 d5 3. e5 Nh6 4. Nf3 b6 5. d4 Ba6 6. Bxa6 Nxa6 7. c3 Nb8 8. a4
Be7 9. O-O a5 10. Qd3 f5 11. b3 Nd7 12. Qb5 O-O 13. Qc6 Rc8 14. Qxe6+ Kh8
15. Qxd5 c6 16. Qc4 c5 17. d5 Nb8 18. d6 Bxd6 19. exd6 Qxd6 20. Na3 Rfe8
21. Nb5 Qf6 22. Ne5 Rcd8 23. b4 cxb4 24. cxb4 Rc8 25. Qd4 axb4 26. Qxb4
Nc6 27. Qd2 Rcd8 28. Qc3 Nxe5 29. fxe5 Qxe5 30. Qxe5 Rxe5 31. Bxh6 gxh6
32. Rae1 Rde8 33. Rxe5 Rxe5 34. Nd6 Kg8 35. Nxf5 h5 36. Rf4 Ra5 37. Nd6
Rc5 38. h3 Kg7 39. Kh2 Kg6 40. Rb4 Rd5 41. Rxb6 Kg5 42. Rb5 h6 43. Rxd5+
Kh4 44. Nf5+ Kg5 45. Ng3+ Kh4 46. Rxh5#
{Black checkmated} 1-0

[Event "Veins vs Polar Bears Team Match 2009"]
[Site "FICS, San Jose, California USA"]
[Date "2009.05.15"]
[Time "21:16:16"]
[Round "3"]
[White "MDU"]
[Black "tujhbq"]
[WhiteElo "1593"]
[BlackElo "1616"]
[TimeControl "1800+30"]
[Mode "ICS"]
[Result "0-1"]

1. d4 d5 2. c4 c6 3. Nf3 Nf6 4. Nc3 e6 5. e3 Qa5 6. Bd2 Bb4 7. a3 Bxc3 8. Bxc3
Qc7 9. Bb4 b6 10. Qa4 a5 11. Ne5 Bb7 12. Bc3 Nbd7 13. Be2 O-O 14. Bf3 Rfd8
15. Qb3 a4 16. Qc2 c5 17. Nxd7 Nxd7 18. cxd5 exd5 19. Qf5 Nf6 20. dxc5 Ne4
21. cxb6 Qxb6 22. Bd4 Qa5+ 23. Kf1 Nd2+ 24. Kg1 Rac8 25. Qg5 f6 26. Bxf6
Nxf3+ 27. gxf3 Rd7 28. Bd4 Rc6 29. Kg2 Rg6 30. Qxg6 hxg6 31. Rac1 Qd8 32. Rhg1
Kh7 33. Kh1 Qh4 34. Rg2 Rf7 35. f4 Qh5 36. Rg3 Qe2 37. Kg2 Ba6 38. Rh3+
Kg8 39. Rg3 Qd2 40. Rc6 Qe2 41. Rcxg6 Qf1+ 42. Kf3 Be2#
{White checkmated} 0-1

[Event "Veins vs Polar Bears Team Match 2009"]
[Site "FICS, San Jose, California USA"]
[Date "2009.05.15"]
[Time "22:25:30"]
[Round "3"]
[White "sajanricochet"]
[Black "Berke"]
[WhiteElo "1649"]
[BlackElo "1633"]
[TimeControl "1800+30"]
[Mode "ICS"]
[Result "1-0"]

1. e4 e5 2. Nf3 Nc6 3. c4 Nf6 4. Nc3 d6 5. Be2 Be7 6. O-O O-O 7. a3 Bg4
8. d3 a6 9. Qc2 Bxf3 10. Bxf3 Nd4 11. Qd1 Rb8 12. Be3 Ne6 13. Nd5 Nxd5 14. cxd5
Ng5 15. Be2 f5 16. f3 f4 17. Bd2 Qe8 18. Bc3 c5 19. b4 b6 20. a4 h5 21. a5
Nh7 22. axb6 cxb4 23. Bxb4 Rxb6 24. Bc3 Qc8 25. Rc1 Qb7 26. d4 Qa7 27. Kh1
Bf6 28. dxe5 Bxe5 29. Bxe5 dxe5 30. d6 Rd8 31. Qd5+ Kh8
{Black resigns} 1-0

[Event "Veins vs Polar Bears Team Match 2009"]
[Site "FICS, San Jose, California USA"]
[Date "2009.05.17"]
[Time "20:56:50"]
[Round "-"]
[White "Tusendus"]
[Black "DodgeBrother"]
[WhiteElo "1492"]
[BlackElo "1598"]
[TimeControl "1800+30"]
[Mode "ICS"]
[Result "1/2-1/2"]

1. e4 e5 2. Nf3 Nf6 3. Bc4 Nc6 4. Ng5 d5 5. exd5 Nxd5 6. Qf3 Qxg5 7. Bxd5
Qf6 8. Nc3 Qxf3 9. Bxf3 Nd4 10. Be4 f5 11. Bd3 e4 12. Nxe4 fxe4 13. Bxe4
c6 14. O-O Bd6 15. Re1 O-O 16. c3 Ne6 17. d4 Nf4 18. Be3 Bf5 19. Bf3 Bd3
20. b3 Rae8 21. c4 Nh3+ 22. Kh1 Nf4 23. Rad1 Bg6 24. d5 cxd5 25. cxd5 a6
26. Be2 Nxe2 27. Rxe2 Bh5 28. f3 Bxf3 29. gxf3 Rxf3 30. Rd3 h5 31. Kg2 Rf5
32. Rf2 Rxf2+ 33. Bxf2 Re2 34. a4 Bxh2 35. Kxh2 Rxf2+ 36. Kg3 Rf7 37. d6
Rd7 38. Kh4 Kf7 39. Kxh5 Ke6 40. Kg6 Rxd6 41. Re3+ Kd5+ 42. Kxg7 Kc5 43. Re4
a5 44. Kf7 b5 45. Ke7 Rd4 46. Re5+ Rd5 47. Rxd5+ Kxd5 48. axb5 Kc5 49. b6
Kxb6 50. Kd6 Kb5 51. Kc7 Kc5 52. Kb7 Kb5 53. Kc7 Kc5 54. Kb7
{Game drawn by mutual agreement} 1/2-1/2

[Event "Veins vs Polar Bears Team Match 2009"]
[Site "FICS, San Jose, California USA"]
[Date "2009.05.13"]
[Time "11:51:44"]
[Round "3"]
[White "schoorl"]
[Black "sergeym"]
[WhiteElo "1597"]
[BlackElo "1483"]
[TimeControl "1800+30"]
[Mode "ICS"]
[Result "0-1"]

1. Nf3 Nf6 2. d4 d5 3. c4 c6 4. c5 e6 5. e3 Be7 6. Nc3 O-O 7. Be2 b6 8. b4
b5 9. O-O a5 10. bxa5 Rxa5 11. Bd2 Ra8 12. Qc2 Nbd7 13. e4 dxe4 14. Nxe4
Ba6 15. Rfe1 h6 16. h3 Nd5 17. a3 f5 18. Nd6 Bxd6 19. cxd6 N7f6 20. Qxc6
Ne4 21. Bxb5 Bxb5 22. Qxb5 Nxd2 23. Nxd2 Qxd6 24. Nc4 Qf4 25. Rxe6 Qxd4
26. Rae1 Nc7 27. Qc6 Nxe6 28. Qxe6+ Kh8 29. Ne5 Rf6 30. Nf7+ Kh7 31. Qb3
Qa7 32. Ne5 Qe7 33. Nf3 Qc5 34. a4 Rb6 35. Qd1 Rb2 36. Rf1 Qb4 37. Qd5 Ra5
38. Qd7 Qe4 39. Nd2 Qc2 40. Nf3 Rxa4 41. h4 Ra1 42. Rxa1 Qxf2+ 43. Kh2 Qxg2#
{White checkmated} 0-1

[Event "Veins vs Polar Bears Team Match 2009"]
[Site "FICS, San Jose, California USA"]
[Date "2009.05.22"]
[Time "21:08:05"]
[Round "4"]
[White "estepona"]
[Black "abkbyfktrc"]
[WhiteElo "2026"]
[BlackElo "1847"]
[TimeControl "1800+30"]
[Mode "ICS"]
[Result "1-0"]

1. g4 d5 2. Bg2 c6 3. g5 h6 4. h4 hxg5 5. hxg5 Rxh1 6. Bxh1 Qd6 7. Nf3 Bg4
8. d3 e5 9. c3 Na6 10. Qa4 f5 11. d4 e4 12. Ne5 Ne7 13. Nd2 Ng6 14. Nxg4
fxg4 15. Nf1 O-O-O 16. b4 Kb8 17. b5 cxb5 18. Qxb5 Qc7 19. Rb1 Rd6 20. Ne3
Ne7 21. Nc4 dxc4 22. Bf4 Nc6 23. Qxa6 Nb4 24. Qa4 Nd3+ 25. exd3
{Black resigns} 1-0

[Event "Veins vs Polar Bears Team Match 2009"]
[Site "FICS, San Jose, California USA"]
[Date "2009.05.23"]
[Time "22:05:12"]
[Round "4"]
[White "bvrus"]
[Black "Henderb"]
[WhiteElo "1802"]
[BlackElo "1749"]
[TimeControl "1800+30"]
[Mode "ICS"]
[Result "0-1"]

1. e4 e6 2. d4 d5 3. exd5 exd5 4. Bd3 Nf6 5. Bg5 Be7 6. Nf3 h6 7. Bh4 O-O
8. O-O Bg4 9. Nbd2 Na6 10. c3 c6 11. Bxa6 bxa6 12. Qe2 Ne4 13. Bxe7 Qxe7
14. Qxa6 Rab8 15. Nxe4 Bxf3 16. gxf3 dxe4 17. fxe4 Qxe4 18. b4 Qg4+ 19. Kh1
Qf3+ 20. Kg1 f5 21. Qxa7 Rbe8 22. Rfe1 Re4 23. Qc7 Rg4+ 24. Kf1 Qg2+ 25. Ke2
Re8+ 26. Kd3 Qf3+ 27. Re3 Rxe3+ 28. fxe3 f4 29. Qe5 fxe3 30. Qxe3 Qf5+ 31. Kd2
Rg2+ 32. Ke1 Rxh2 33. Rd1 Qg4 34. Rd2 Rh1+ 35. Kf2 Qg1+ 36. Kf3 Rh3+
{White resigns} 0-1

[Event "Veins vs Polar Bears Team Match 2009"]
[Site "FICS, San Jose, California USA"]
[Date "2009.05.24"]
[Time "20:08:42"]
[Round "4"]
[White "rsekhar"]
[Black "LLIAMAH"]
[WhiteElo "1638"]
[BlackElo "1680"]
[TimeControl "1800+30"]
[Mode "ICS"]
[Result "0-1"]

1. d4 d5 2. c4 e5 3. e3 Bb4+ 4. Bd2 Nc6 5. Bxb4 Nxb4 6. Qa4+ Nc6 7. Nc3
Ne7 8. cxd5 Nxd5 9. Bc4 Nxc3 10. bxc3 exd4 11. cxd4 Bd7 12. Qb3 O-O 13. Nf3
Na5 14. Qc3 Nxc4 15. Qxc4 a6 16. O-O Bb5
{White resigns} 0-1